 Dungeon Crawl Stone Soup version 0.18.1-47-g9310371 (webtiles) character file.

217 raph the Cudgeler (level 5, -12/45 HPs)
             Began as a Minotaur Fighter on June 17, 2016.
             Mangled by Crazy Yiuf
             ... wielding a +4 quarterstaff of chaos
              (13 damage)
             ... on level 2 of the Dungeon.
             The game lasted 00:02:57 (2225 turns).

raph the Cudgeler (Minotaur Fighter)                Turns: 2225, Time: 00:02:58

Health: -12/45     AC: 11    Str: 21    XL:     5   Next: 62%
Magic:  4/4        EV:  3    Int:  5    God:
Gold:   100        SH:  9    Dex: 10    Spells: 0 memorised, 4 levels left

rFire  . . .     SeeInvis .     a - +0 flail
rCold  . . .     Gourm    .     g - +0 plate armour (curse)
rNeg   . . .     Faith    .     c - +0 shield
rPois  .         Spirit   .     (helmet restricted)
rElec  .         Dismiss  .     (no cloak)
rCorr  .         Reflect  .     (no gloves)
SustAt .         Harm     .     (no boots)
MR     .....                    (no amulet)
Stlth  ..........               (no ring)
                                (no ring)

@: drained, not resistant to hostile enchantments, extremely unstealthy
A: retaliatory headbutt, horns 2
a: no special abilities


You were on level 2 of the Dungeon.
You were not hungry.

You visited 1 branch of the dungeon, and saw 2 of its levels.

You collected 100 gold pieces.

Inventory:

Hand Weapons
 a - a +0 flail (weapon)
Missiles
 o - 3 javelins (quivered)
 q - 7 tomahawks
Armour
 b - a +0 scale mail
 c - a +0 shield (worn)
 g - a cursed +0 plate armour (worn)
Wands
 d - a wand of flame (26/48)
Scrolls
 e - 3 scrolls of enchant weapon {unknown}
 k - a scroll of teleportation {unknown}
 l - a scroll of remove curse {unknown}
 m - 5 scrolls of identify {unknown}
 r - a scroll of magic mapping {unknown}
Potions
 h - a potion of heal wounds {unknown}
 j - a potion of berserk rage
 n - 3 potions of curing {unknown}
 p - a potion of cure mutation {unknown}
Comestibles
 f - 3 bread rations
 i - a meat ration
 s - 2 chunks of flesh
 t - a beef jerky


   Skills:
 - Level 3.6(3.2) Fighting
 * Level 7.2(6.7) Maces & Flails
 - Level 3.6(3.2) Armour
 - Level 3.6(3.2) Shields


You had 4 spell levels left.
You didn't know any spells.

Dungeon Overview and Level Annotations

Branches:
Dungeon (2/15)

Altars:

Annotations:
D:2 Crazy Yiuf


Innate Abilities, Weirdness & Mutations

You reflexively headbutt those who attack you in melee.
You have a pair of horns on your head.


Message History

Your plate armour prevents you from hitting Crazy Yiuf.
Crazy Yiuf hits you with a quarterstaff of chaos!
You feel drained. You block Crazy Yiuf's attack.
You sock Crazy Yiuf! Your headbutt misses Crazy Yiuf.
Crazy Yiuf is moderately wounded.
You block Crazy Yiuf's attack.
Your plate armour prevents you from hitting Crazy Yiuf.
Your headbutt misses Crazy Yiuf.
Crazy Yiuf is moderately wounded.
Crazy Yiuf hits you with a quarterstaff of chaos.
You block Crazy Yiuf's attack.
You hit Crazy Yiuf.
Crazy Yiuf is heavily wounded.
Crazy Yiuf hits you with a quarterstaff of chaos!
* * * LOW HITPOINT WARNING * * *
You sock Crazy Yiuf!
Crazy Yiuf is severely wounded.
You block Crazy Yiuf's attack.
Crazy Yiuf hits you with a quarterstaff of chaos!
You die...

######### #.# #.......# #.#
#.#####.# #.# #.####### ###
#.##...# ######### #.##.####♣♣♣♣♣
#.......# #.##.##.#..♣.♣♣♣ ###
#######.# #...........♣..♣#...#
##.## ####.......♣♣♣♣@g...# #....
#.#..#.♣♣ ♣♣#..)# #[..# #.####♣♣
### #.#.# #.# #.#.# #.# #.).. #
#.#### ######### ####.# #
#.##.### ##.......## ##.##.#
#####......###.........####...#.#
.............'.........'.....)..#


You could see Crazy Yiuf (berserk).

Vanquished Creatures
  Sigmund (D:2)
  2 adders (D:2)
  A dart slug (D:2)
  2 giant geckos (D:2)
  2 giant cockroaches
  3 goblins
  6 hobgoblins
  4 jackals (D:2)
  2 quokkas (D:2)
  2 ball pythons (D:1)
  7 bats
  A giant newt (D:1)
  3 kobolds
  6 rats
42 creatures vanquished.

Notes
Turn   | Place    | Note
--------------------------------------------------------------
     0 | D:1      | raph the Minotaur Fighter began the quest for the Orb.
     0 | D:1      | Reached XP level 1. HP: 19/19 MP: 0/0
    95 | D:1      | Reached skill level 3 in Maces & Flails
   329 | D:1      | Reached XP level 2. HP: 26/26 MP: 1/1
  1254 | D:2      | Reached skill level 4 in Maces & Flails
  1257 | D:2      | Reached XP level 3. HP: 17/31 MP: 2/2
  2005 | D:2      | Reached skill level 5 in Maces & Flails
  2115 | D:2      | Noticed Sigmund
  2119 | D:2      | Killed Sigmund
  2119 | D:2      | Reached skill level 7 in Maces & Flails
  2119 | D:2      | Reached XP level 4. HP: 39/39 MP: 3/3
  2119 | D:2      | Reached XP level 5. HP: 45/45 MP: 4/4
  2217 | D:2      | Noticed Crazy Yiuf
  2224 | D:2      | HP: 1/45 [Crazy Yiuf/quarterstaff of chaos (15)]
  2225 | D:2      | Mangled by Crazy Yiuf

Skill      XL: |  1  2  3 |
---------------+----------+-----
Maces & Flails | 3 4 7 |  7.2
Fighting       | |  3.6
Armour         | |  3.6
Shields        | |  3.6

Action                   |  1- 3 |  4- 6 || total
-------------------------+-------+-------++-------
Melee: Flail             |   119 |     7 ||   126
       Headbutt          |    14 |       ||    14
  Use: Potion            |     1 |       ||     1
  Eat: Chunk             |     4 |       ||     4
Armor: Scale mail        |    29 |       ||    29
       Plate armour      |    55 |       ||    55
Dodge: Dodged            |    27 |       ||    27
Block: Shield            |    68 |     4 ||    72
